AoeStats
← Lunita

Arena

510207516Analyzed
1v1 RM · 14h ago on Sep 29, 2026· 35m 38s· 2 players
Game mode
Random Map
Map size
Tiny (2 player)
Population
200
Speed
Normal
Resources
Standard
Victory
Conquest
Starting age
Dark Age
Ending age
Imperial Age
RankedLock teamsTeams togetherTeam positionsShared explorationLock speedFull tech treeHidden civsTurbo modeCheats
Victory
Defeat
🇦🇷 Cumans · Argentina
1891
+15
🇲🇽 Hindustanis · Mexico
1863
-15
LittleHog
9:49 Loom
12:25 Feudal Age
13:20 Double-Bit Axe
17:01 Castle Age
15:14 Horse Collar
18:06 Bow Saw
26:04 Wheelbarrow
30:09 Imperial Age
28:52 Padded Archer Armor
28:42 Fletching
28:58 Elite Skirmisher
29:54 Hand Cart
29:41 Bodkin Arrow
30:21 Leather Archer Armor
31:29 Conscription
32:29 Chemistry
32:27 Ring Archer Armor
32:30 Scale Barding Armor
32:36 Bloodlines
32:27 Husbandry
32:59 Bracer
35:35 Chain Barding Armor
36:07 Forging
35:19 Heavy Camel Rider
Lunita
8:51 Feudal Age
7:08 Loom
9:17 Double-Bit Axe
10:13 Double-Bit Axe
13:16 Horse Collar
16:57 Wheelbarrow
20:59 Castle Age
19:46 Gold Mining
19:50 Stone Mining
22:02 Bow Saw
21:53 Heavy Plow
22:29 Scale Barding Armor
22:34 Forging
22:28 Padded Archer Armor
22:59 Hand Cart
27:27 Imperial Age
25:05 Fletching
26:23 Gold Shaft Mining
26:04 Bloodlines
26:01 Thumb Ring
27:07 Bodkin Arrow
27:34 Ballistics
26:50 Light Cavalry
27:53 Chain Barding Armor
28:36 Thumb Ring
30:01 Conscription
30:18 Plate Barding Armor
29:05 Hussar
31:02 Parthian Tactics
32:06 Two-Man Saw
31:53 Leather Archer Armor
32:49 Chemistry
32:22 Masonry
33:05 Ring Archer Armor
34:29 Iron Casting
Connection lost

Rejoining the realm…

Still unreachable

The connection could not be restored.

Session expired

The server has moved on; the page needs a fresh start.